Map: Vigía EE

Players

MrFercho - Winner!

  • Race: Terran Terran
  • League: Silver
  • Spawn Location: 5:00

tigro - Winner!

  • Race: Terran Terran
  • League: Bronze
  • Spawn Location: 5:00

TATORREA - Winner!

  • Race: Protoss Protoss
  • League: Silver
  • Spawn Location: 6:00

Bambam

  • Race: Protoss Protoss
  • Spawn Location: 9:00

manatawk

  • Race: Protoss Protoss
  • Spawn Location: 12:00

yuzuu

  • Race: Zerg Zerg
  • Spawn Location: 9:00

VOD

Have the link to the VOD?

Description

Time

  • Played on: May 31, 2020, 7:59 p.m.
  • Length: 16:51
Show
View Real Time Build Order
Export as new Build Order

MrFercho Terran - Winner!

Build Orders:  

Get SALT Encoding   

  12  0:01  SCV  
  13  0:16  SCV  
  14  0:28  SCV  
  15  0:46  Supply Depot  
  15  0:47  Refinery  
  15  0:55  Refinery  
  15  1:07  SCV  
  16  1:19  SCV  
  17  1:26  Barracks  
  17  1:32  SCV  
  18  1:44  SCV  
  19  1:56  SCV  
  20  2:17  Barracks Reactor  
  20  2:23  Factory  
  20  2:31  Orbital Command  
  20  2:52  Command Center  
  20  2:58  Refinery  
  20  3:01  Refinery  
  20  3:13  Starport  
  20  3:17  SCV  
  21  3:29  SCV  
  22  3:41  SCV  
  23  3:50  Starport  
  23  3:51  Factory Tech Lab  
  23  4:10  Supply Depot  
  23  4:11  Siege Tank  
  23  4:12  Supply Depot  
  23  4:15  Supply Depot  
  26  4:18  Orbital Command  
  26  4:27  Starport  
  26  4:37  Armory  
  26  4:40  Viking  
  26  4:43  Siege Tank  
  31  4:47  Viking  
  33  5:01  Marine  
  33  5:02  Marine  
  35  5:18  Armory  
  35  5:19  Marine  
  35  5:20  Marine  
  37  5:29  SCV  
  37  5:30  SCV  
  39  5:37  Marine  
  39  5:41  Terran Ship Weapons Level 1  
  39  5:42  SCV x2  
  42  5:54  SCV x2  
  44  6:30  Terran Vehicle And Ship Armor Level 1  
  44  6:35  Fusion Core  
  44  6:39  SCV x2  
  46  6:51  SCV x2  
  48  7:03  SCV x2  
  50  7:09  Command Center  
  50  7:12  Starport Tech Lab  
  50  7:13  Starport Reactor x2  
  50  7:17  Drilling Claws  
  50  7:19  Widow Mine  
  52  7:32  Advanced Ballistics  
  52  7:41  Widow Mine  
  54  7:53  Engineering Bay  
  54  7:55  Terran Ship Weapons Level 2  
  54  8:00  Viking x3  
  54  8:01  Viking  
  62  8:11  Viking, Widow Mine  
  66  8:23  Supply Depot  
  66  8:25  Supply Depot, SCV x2  
  68  8:27  Supply Depot  
  68  8:28  Terran Vehicle And Ship Armor Level 2  
  68  8:30  Viking  
  68  8:33  Widow Mine  
  72  8:37  SCV x2  
  74  8:47  Supply Depot  
  74  8:49  SCV  
  74  8:51  Supply Depot  
  74  8:54  Widow Mine  
  71  9:03  Sensor Tower  
  48  9:28  Siege Tank  
  51  9:31  Viking  
  51  9:33  Viking  
  57  9:49  Sensor Tower  
  46  10:21  Sensor Tower  
  40  10:24  Viking x3  
  40  10:54  Viking x2, Banshee  
  38  11:37  Banshee  
  41  11:42  Barracks  
  41  11:50  Cloaking Field  
  41  11:58  SCV  
  42  12:10  SCV  
  43  12:22  SCV  
  44  12:34  SCV  
  45  12:44  Terran Vehicle And Ship Armor Level 3, Terran Ship Weapons Level 3  
  45  12:46  SCV  
  40  13:25  Viking x3  
  46  13:55  Viking x2  
  46  14:45  Viking  
  46  14:46  Viking x2  
  52  15:12  Factory  
  52  15:15  Viking x2  
  52  15:16  Viking  
  58  15:45  Viking x2  
  62  15:57  Factory  
  62  16:08  Viking  
  64  16:15  Viking x2  
Show
View Real Time Build Order
Export as new Build Order

tigro Terran - Winner!

Build Orders:  

Get SALT Encoding   

  12  0:02  SCV  
  13  0:14  SCV  
  14  0:22  Supply Depot  
  15  0:28  SCV  
  15  0:36  Refinery  
  15  0:44  SCV  
  16  0:58  Barracks  
  16  1:07  SCV  
  17  1:19  SCV  
  17  1:25  Refinery  
  18  1:31  SCV  
  19  1:35  Supply Depot  
  19  1:43  SCV  
  19  1:46  Marine  
  21  1:55  SCV  
  22  2:04  Marine  
  23  2:21  Marine  
  24  2:38  SCV  
  24  2:39  Marine  
  26  2:50  SCV  
  27  2:52  Barracks  
  27  2:57  Marine  
  28  3:02  SCV  
  29  3:10  Engineering Bay  
  29  3:22  Orbital Command  
  29  3:33  Barracks Tech Lab  
  29  3:53  Factory  
  29  3:57  Stimpack  
  29  4:02  Barracks Tech Lab  
  29  4:20  Command Center  
  29  4:26  Terran Infantry Weapons Level 1  
  29  4:29  Combat Shield  
  29  4:41  Marine  
  29  4:43  Marine  
  31  4:46  Factory Tech Lab  
  31  5:17  Siege Tank  
  34  5:28  Starport  
  34  5:37  Concussive Shells, Refinery  
  34  6:21  Terran Infantry Armor Level 1  
  34  6:32  Medivac  
  36  6:36  Marine  
  37  6:44  Marine  
  38  6:53  Marine  
  39  7:01  Marine  
  39  7:02  Fusion Core  
  39  7:07  SCV  
  41  7:11  Marine  
  42  7:19  Marine, SCV  
  44  7:29  Marine  
  45  7:30  Starport Tech Lab  
  45  7:31  SCV  
  46  7:37  Marine  
  46  7:43  SCV  
  48  7:47  Marine  
  49  7:55  Marine, SCV  
  49  7:57  Armory  
  51  7:59  Weapon Refit  
  51  8:05  Hyperflight Rotors  
  51  8:13  Refinery  
  51  8:15  Neosteel Armor  
  43  9:07  Marine x2  
  31  9:13  Battlecruiser  
  31  9:16  Siege Tank  
  40  9:25  Marine x2  
  40  9:39  Rapid Reignition System  
  40  9:42  Marine  
  40  9:43  Marine  
  42  9:48  Siege Tank  
  45  9:55  Hi-Sec Auto Tracking  
  43  10:00  Marine x2  
  40  10:17  Medivac  
  40  10:18  Marine x2  
  36  10:35  Advanced Ballistics  
  36  10:36  Marine x2  
  37  10:43  Siege Tank  
  37  10:47  Battlecruiser  
  42  10:54  Marine  
  39  11:12  Marine  
  34  11:29  Marine  
  35  11:47  Marine  
  35  11:51  Barracks, Medivac  
  38  12:05  Marine  
  39  12:15  SCV  
  40  12:21  Battlecruiser  
  46  12:23  Marine  
  46  12:27  SCV  
  48  12:35  Terran Infantry Weapons Level 2  
  48  12:39  Cloaking Field, SCV  
  48  12:41  Marine  
  50  12:45  Marine  
  51  12:51  SCV  
  52  12:58  Marine  
  52  13:03  Marine, SCV  
  55  13:21  Marine  
  55  13:23  Marine  
  57  13:39  Marine  
  57  13:41  Marine  
  59  13:57  Marine  
  59  13:59  Marine  
  60  14:15  Marine  
  60  14:16  Marine  
  60  14:32  Marine  
  60  14:34  Marine  
  58  14:40  Battlecruiser  
  42  15:44  Battlecruiser  
  46  16:10  Marine x2  
  46  16:28  Marine x2  
Show
View Real Time Build Order
Export as new Build Order

TATORREA Protoss - Winner!

Build Orders:  

Get SALT Encoding   

  12  0:01  Probe  
  13  0:28  Pylon  
  13  1:02  Probe  
  14  1:20  Nexus  
  14  1:24  Gateway  
  14  1:26  Probe  
  14  1:27  Gateway  
  15  1:38  Probe  
  16  1:51  Probe  
  17  2:15  Probe  
  17  2:18  Assimilator  
  17  2:27  Probe  
  18  2:39  Probe  
  18  2:41  Probe  
  18  2:42  Cybernetics Core  
  20  2:46  Pylon  
  20  2:50  Assimilator  
  21  2:51  Probe  
  21  2:53  Probe  
  21  2:56  Pylon  
  22  3:03  Probe  
  22  3:05  Probe  
  24  3:15  Probe  
  24  3:17  Probe  
  26  3:21  Forge  
  26  3:23  Twilight Council  
  26  3:25  Warp Gate (Chrono Boost)  
  26  3:27  Probe  
  26  3:29  Probe  
  28  3:39  Probe  
  28  3:41  Stalker (Chrono Boost), Probe  
  31  3:46  Stalker (Chrono Boost)  
  34  3:51  Probe  
  34  3:54  Probe  
  36  4:04  Probe  
  36  4:06  Probe  
  36  4:09  Pylon  
  38  4:13  Stalker, Pylon  
  38  4:16  Stalker, Probe  
  39  4:18  Probe  
  42  4:30  Pylon  
  44  4:33  Pylon  
  44  4:35  Probe x2  
  46  4:42  Assimilator  
  46  4:45  Assimilator  
  46  4:46  Protoss Ground Weapons Level 1  
  46  4:47  Probe x2  
  46  4:48  Charge  
  48  5:11  Probe x2  
  50  5:23  Probe x2  
  50  5:27  Stalker x2  
  56  5:52  Gateway  
  56  5:54  Gateway  
  56  5:58  Gateway  
  56  6:00  Gateway  
  56  6:02  Gateway  
  54  6:05  Stargate  
  54  6:08  Stargate  
  51  6:11  Robotics Facility  
  51  6:15  Pylon  
  51  6:17  Probe  
  51  6:18  Probe  
  51  6:19  Pylon  
  51  6:24  Pylon  
  51  6:30  Probe x2  
  53  6:40  Blink  
  53  6:42  Probe x2  
  55  6:52  Protoss Ground Weapons Level 2 (Chrono Boost)  
  55  6:57  Protoss Air Weapons Level 1, Warp Prism (Chrono Boost)  
  57  7:24  Probe  
  57  7:26  Observer  
  57  7:28  Oracle x2  
  65  7:30  Nexus  
  65  7:35  Stalker x2  
  69  7:54  Probe x2  
  71  8:06  Probe x2  
  73  8:18  Probe x2  
  75  8:30  Probe x2  
  77  8:42  Probe x2  
  77  8:43  Zealot x2  
  77  8:44  Zealot x3  
  77  8:45  Zealot  
  77  8:46  Zealot  
  83  9:09  Zealot x4  
  91  9:10  Zealot x2  
  35  10:22  Zealot x3  
  35  10:23  Zealot x2  
  45  10:30  Protoss Ground Weapons Level 3  
  45  10:32  Void Ray x2 (Chrono Boost)  
  45  11:05  Zealot x3  
  45  11:06  Zealot x2  
  45  11:08  Void Ray x2  
  59  11:38  Zealot x4  
  59  11:39  Zealot  
  69  12:03  Pylon  
  69  12:06  Pylon  
  69  12:10  Nexus  
  69  12:21  Void Ray, Immortal  
  77  12:24  Void Ray  
  77  12:26  Zealot x2  
  85  12:36  Cybernetics Core  
  85  12:39  Pylon  
  85  12:42  Pylon  
  85  12:46  Pylon  
  85  12:49  Pylon  
  85  13:01  Pylon  
  85  13:03  Void Ray  
  89  13:06  Pylon  
  89  13:20  Zealot x3  
  89  13:21  Zealot x2  
  73  14:43  Zealot x2  
  73  14:44  Zealot x3  
  81  14:48  Void Ray x2  
  83  15:03  Probe x3  
  78  15:12  Assimilator  
  78  15:15  Assimilator, Probe x3  
  81  15:31  Void Ray x2  
  89  15:37  Zealot x2  
  89  15:38  Zealot x3  
Show
View Real Time Build Order
Export as new Build Order

Bambam Protoss 

Build Orders:  

Get SALT Encoding   

  12  0:03  Probe (Chrono Boost)  
  13  0:13  Probe (Chrono Boost)  
  14  0:35  Pylon  
  14  0:44  Assimilator  
  14  0:47  Probe  
  15  0:57  Gateway  
  15  0:59  Probe  
  16  1:20  Probe  
  17  1:32  Assimilator  
  17  1:37  Probe (Chrono Boost)  
  19  1:47  Probe (Chrono Boost)  
  19  1:50  Cybernetics Core  
  19  1:52  Probe (Chrono Boost)  
  19  2:24  Warp Gate (Chrono Boost)  
  20  2:30  Probe  
  20  2:34  Zealot  
  22  2:42  Probe  
  23  2:51  Gateway  
  23  3:02  Pylon  
  23  3:20  Probe  
  23  3:23  Pylon  
  24  3:31  Forge  
  24  3:32  Probe  
  24  3:33  Pylon  
  25  3:40  Gateway  
  25  3:44  Probe, Zealot  
  28  3:56  Probe  
  29  4:07  Stalker, Protoss Ground Weapons Level 1 (Chrono Boost)  
  29  4:08  Probe  
  32  4:22  Nexus  
  32  4:27  Assimilator  
  32  4:37  Stalker  
  34  4:38  Stalker  
  34  4:43  Sentry  
  37  5:20  Stalker x2  
  37  5:21  Stalker  
  43  6:10  Probe  
  44  6:22  Probe (Chrono Boost)  
  44  6:34  Probe (Chrono Boost)  
  44  6:39  Probe (Chrono Boost)  
  44  6:45  Pylon  
  44  6:46  Stalker x2  
  44  6:47  Stalker  
  51  6:48  Probe  
  51  6:51  Protoss Shields Level 1 (Chrono Boost)  
  52  7:00  Probe  
  53  7:04  Pylon  
  53  7:10  Gateway  
  53  7:12  Assimilator  
  53  7:13  Probe (Chrono Boost)  
  54  7:21  Stalker  
  54  7:22  Probe (Chrono Boost), Zealot  
  59  7:23  Sentry  
  59  7:27  Probe (Chrono Boost)  
  62  7:40  Gateway  
  62  7:42  Gateway  
  62  7:55  Stalker x2  
  62  7:57  Sentry  
  68  8:05  Zealot  
  68  8:09  Pylon  
  70  8:39  Pylon  
  70  9:09  Stalker x2  
  64  9:10  Stalker x2  
  64  9:11  Stalker  
  57  9:41  Stalker x2  
  57  9:42  Stalker x2  
  57  9:43  Stalker  
  57  9:44  Sentry  
  61  10:20  Stalker x2  
  61  10:21  Stalker x2  
  63  10:22  Stalker x2  
  63  10:45  Nexus  
  44  11:31  Probe  
  43  11:40  Assimilator  
  43  11:43  Probe  
  44  11:56  Probe  
  44  12:00  Pylon  
  45  12:08  Probe  
  46  12:20  Probe  
  46  12:22  Probe  
  48  12:34  Probe  
  49  12:40  Stargate  
  49  12:42  Stargate  
  49  12:44  Stargate  
  49  12:45  Stargate  
  49  12:46  Pylon, Probe (Chrono Boost)  
  49  12:50  Assimilator  
  51  12:58  Probe (Chrono Boost)  
  51  13:00  Sentry x2  
  51  13:01  Sentry x3  
  51  13:02  Sentry  
  51  13:04  Probe (Chrono Boost)  
  64  13:13  Probe  
  65  13:25  Probe  
  66  13:33  Fleet Beacon  
  66  13:45  Probe  
  67  13:58  Probe  
  68  14:10  Probe  
  69  14:21  Void Ray x3 (Chrono Boost)  
  69  14:22  Probe  
  80  14:34  Probe  
  59  15:09  Tempest (Chrono Boost)  
  59  15:10  Tempest (Chrono Boost)  
  59  15:12  Void Ray (Chrono Boost)  
  63  15:30  Stalker  
  63  15:31  Stalker x2  
  63  15:59  Tempest  
Show
View Real Time Build Order
Export as new Build Order

manatawk Protoss 

Build Orders:  

Get SALT Encoding   

  12  0:01  Probe  
  13  0:30  Pylon  
  13  0:35  Pylon  
  13  0:51  Probe (Chrono Boost)  
  14  1:02  Probe (Chrono Boost)  
  15  1:05  Forge  
  15  1:06  Probe (Chrono Boost)  
  16  2:13  Pylon  
  16  2:16  Pylon  
  16  2:26  Photon Cannon  
  16  2:30  Photon Cannon  
  16  2:33  Nexus  
  16  2:53  Assimilator  
  16  2:59  Assimilator  
  16  3:11  Gateway  
  16  3:17  Gateway  
  16  3:25  Photon Cannon  
  16  3:28  Gateway  
  16  3:30  Gateway  
  16  3:43  Probe  
  17  3:52  Probe  
  17  3:55  Probe  
  19  4:02  Assimilator  
  19  4:04  Probe  
  19  4:06  Assimilator  
  19  4:07  Probe  
  21  4:16  Probe  
  22  4:28  Probe x2  
  24  4:37  Zealot x3  
  24  4:38  Zealot  
  32  4:40  Probe x2  
  34  4:48  Pylon  
  34  4:52  Probe x2  
  36  4:53  Pylon  
  36  5:03  Protoss Ground Weapons Level 1  
  36  5:04  Probe, Zealot  
  36  5:05  Probe  
  40  5:16  Probe  
  40  5:17  Probe  
  40  5:18  Cybernetics Core  
  42  5:29  Forge  
  42  5:33  Zealot x2  
  46  5:39  Probe x2  
  48  5:46  Zealot x2  
  52  5:51  Probe x2  
  54  6:03  Protoss Ground Armor Level 1  
  54  6:04  Twilight Council  
  54  6:08  Probe x2  
  56  6:11  Stalker x2  
  56  6:18  Stalker x2  
  64  6:31  Robotics Facility  
  64  6:54  Probe  
  64  6:55  Probe  
  66  7:03  Charge  
  66  7:07  Stalker x4  
  74  7:26  Pylon  
  74  7:41  Immortal  
  78  7:46  Pylon  
  78  7:48  Pylon  
  78  7:54  Stargate  
  78  8:44  Blink  
  35  9:18  Zealot  
  35  9:19  Zealot x2  
  35  9:20  Zealot  
  42  9:35  Immortal  
  32  10:12  Nexus  
  32  10:39  Zealot x3  
  32  10:40  Stalker  
  40  10:57  Void Ray  
  40  10:59  Pylon  
  40  11:10  Nexus  
  40  11:11  Stalker  
  40  11:14  Pylon  
  40  11:17  Pylon  
  34  12:25  Photon Cannon  
  34  12:33  Pylon  
  34  12:36  Pylon  
  34  12:40  Pylon  
  34  12:49  Photon Cannon  
  34  13:05  Photon Cannon  
  34  13:09  Photon Cannon  
  34  13:11  Stalker  
  34  13:12  Stalker x3, Photon Cannon  
  18  14:17  Photon Cannon  
  18  14:18  Photon Cannon  
  18  14:19  Photon Cannon  
  18  14:20  Photon Cannon  
    15:34  Zealot  
Show
View Real Time Build Order
Export as new Build Order

yuzuu Zerg 

Build Orders: Pool First 

Get SALT Encoding   

  12  0:02  Drone  
  13  0:19  Drone  
  14  0:36  Overlord  
  14  0:48  Spawning Pool  
  14  0:50  Drone  
  14  0:55  Drone x2  
  16  1:19  Drone x2  
  18  1:34  Extractor  
  18  1:39  Zergling x4  
  19  1:51  Zergling x2  
  20  2:22  Drone x2  
  22  2:26  Extractor  
  21  2:36  Drone  
  22  2:41  Overlord  
  22  3:01  Drone x2  
  24  3:06  Drone  
  25  3:13  Lair  
  25  3:24  Roach Warren  
  24  3:41  Hatchery  
  24  3:42  Drone  
  24  3:43  Overlord  
  24  3:48  Drone  
  25  3:55  Hatchery  
  24  4:10  Metabolic Boost  
  24  4:13  Roach x2  
  28  4:27  Evolution Chamber  
  28  4:28  Drone x2  
  29  4:41  Drone  
  30  4:51  Hydralisk Den  
  29  4:53  Roach  
  31  5:12  Drone  
  32  5:25  Hatchery, Drone x3  
  34  5:29  Overlord x3  
  34  5:35  Roach x2  
  38  5:44  Spire  
  37  5:55  Drone x2  
  39  5:58  Drone  
  39  5:59  Extractor  
  39  6:03  Roach x3  
  45  6:04  Hydralisk  
  45  6:05  Hydralisk x2  
  51  6:27  Infestation Pit  
  51  6:32  Hydralisk x2  
  54  6:42  Zerg Missile Weapons Level 1  
  54  6:59  Drone x3  
  57  7:04  Hydralisk  
  57  7:05  Hydralisk x2  
  63  7:13  Hatchery  
  62  7:21  Extractor, Drone x3  
  64  7:35  Hydralisk x2  
  64  7:36  Hydralisk  
  68  7:37  Hydralisk  
  72  7:46  Drone x3  
  72  7:50  Extractor  
  74  7:52  Drone x2  
  74  7:57  Drone  
  77  8:58  Hydralisk x3  
  77  8:59  Hydralisk  
  77  9:02  Overlord x2  
  85  9:03  Overlord  
  85  9:09  Overlord x3  
  78  9:38  Hydralisk x3  
  78  9:39  Hydralisk  
  78  9:40  Hydralisk x2  
  90  9:57  Hydralisk  
  86  10:28  Hydralisk x3  
  88  10:29  Hydralisk x3  
  74  11:19  Drone x3  
  74  11:21  Hydralisk x3  
  74  11:23  Mutalisk x2  
  74  11:24  Mutalisk  
  87  11:35  Drone x3  
  90  11:42  Hydralisk  
  90  11:44  Zerg Missile Weapons Level 2  
  92  11:51  Hydralisk x2  
  96  11:58  Overlord x2  
  96  12:01  Hydralisk  
  98  12:23  Drone x2  
  98  12:24  Drone  
  98  12:27  Extractor  
  100  12:39  Overlord x3  
  100  12:41  Mutalisk x3  
  100  12:43  Mutalisk x3  
  112  12:51  Hydralisk  
  112  12:52  Hydralisk  
  116  13:03  Drone  
  117  13:28  Overlord x2  
  117  13:30  Mutalisk x3  
  105  14:13  Hydralisk x2  
  105  14:14  Hydralisk  
  105  14:16  Mutalisk x2  
  105  14:17  Mutalisk  
  105  14:21  Mutalisk x3  
  105  14:22  Mutalisk  
  105  14:23  Mutalisk x2  
  115  14:31  Mutalisk  
  109  14:35  Mutalisk  
  51  15:28  Mutalisk x3  
  51  15:29  Mutalisk  
  51  15:30  Mutalisk x2  
  51  15:31  Mutalisk x2  
  67  15:42  Hydralisk x3  
  68  15:56  Mutalisk  
Tags
 
Add a new tag
Caveats
  • Supply blocks, unpowered buildings, or Contaminate may cause inaccurate times.
  • Supply counts are checked every 10 seconds.